 Dungeon Crawl Stone Soup version 0.31-a0-189-ga26ba32dd1 (webtiles) character file.

Game seed: 16165775239453812232

39 qw the Shooter (level 3, -1/20 HPs)
             Began as a Deep Elf Hunter on June 23, 2023.
             Succumbed to their own poison gas
             ... on level 1 of the Dungeon.
             The game lasted 00:00:26 (837 turns).

qw the Shooter (Deep Elf Hunter)                     Turns: 837, Time: 00:00:27

Health: -1/20      AC:  5    Str:  8 (10) XL:     3   Next: 26%
Magic:  5/5        EV: 10    Int: 13      God:
Gold:   37         SH:  0    Dex: 18      Spells: 2/2 levels left

rFire   + . .        Y - +1 shortbow
rCold   . . .        (shield currently unavailable)
rNeg    . . .        h - +0 ring mail
rPois   .            (no helmet)
rElec   .            (no cloak)
rCorr   .            (no gloves)
SInv    .            (no boots)
Will    .....        (no amulet)
Stlth   +            j - ring of protection from fire
HPRegen 0.23/turn    (no ring)
MPRegen 0.09/turn

%: no passive effects
@: lethally poisoned (-1 -> -6)
A: deterioration 1, teleportitis 1
a: no special abilities


You were on level 1 of the Dungeon.
You visited 1 branch of the dungeon, and saw 1 of its levels.

You collected 37 gold pieces.


Innate Abilities, Weirdness & Mutations

Your body sometimes deteriorates upon taking damage.
You are occasionally teleported next to monsters.


   Skills:
 - Level 1.5 Fighting
 + Level 6.8 Ranged Weapons
 - Level 2.4 Dodging
 - Level 1.2 Stealth


You had 2 spell levels left.
You didn't know any spells.
Your spell library was empty.

Inventory:

Hand Weapons
 Y - a +1 shortbow (weapon)
Armour
 h - a +0 ring mail (worn)
Jewellery
 j - a ring of protection from fire (left hand)
Scrolls
 a - a scroll of identify
Potions
 m - a potion of resistance {unknown}

Dungeon Overview and Level Annotations

Branches:
Dungeon (1/15)

Altars:


Message History

Enter note:
Enter note:
Enter note:
Enter note:
Enter note:
Enter note: Really walk into that cloud of poison gas?
You are engulfed in poison gas.
You are lethally poisoned!
Your body deteriorates!
You feel weakened.
You feel very sick.
Enter note:
Enter note:
Enter note:
Enter note:
Enter note:
Enter note:
Enter note:
Enter note:
Enter note:
Enter note:
Enter note:
Enter note:
Enter note:
Enter note:
Enter note:
Enter note:
832 ||| Stepping ~*~*~tactically~*~*~ (cloud).
Your body deteriorates!
You feel weakened.
You feel very sick.
Things that are here:
a potion of invisibility; a scroll of butterflies; a +0 leather armour
There is a lethal amount of poison in your body!
You feel very sick.
There is a lethal amount of poison in your body!
You feel sick.
There is a lethal amount of poison in your body!
You feel sick.
There is a lethal amount of poison in your body!
You feel sick.
There is a lethal amount of poison in your body!
You die...

#.#.+.....'...%.####.....##.
#.###.....####.## ########.
######'###.....# #.# #.
........###########.# ##.
........# #.....##.# #8(
........# #.....##.# ##.
........# #.....##.# #.
........####.....##.# #.
........##.+....@0..# #.
........##.#.....####
##########.
.%......##.#######
#.......... ..####%###.#
#.########. ..# #..)#.# #.#
#. ..######.#.# #.# #.
..#........#### ##.## #.
###.####......# #####...# #<
#.# ######.# #.......# ##


There were no monsters in sight!

Vanquished Creatures
  A dart slug (D:1)
  3 bats (D:1)
  5 endoplasms (D:1)
  3 giant cockroaches (D:1)
  2 goblins (D:1)
  5 hobgoblins (D:1)
  3 jackals (D:1)
  2 quokkas (D:1)
  A ball python (D:1)
  2 frilled lizards (D:1)
  A kobold (D:1)
  2 rats (D:1)
30 creatures vanquished.

Notes
Turn   | Place    | Note
-------+----------+-------------------------------------------
     0 | D:1      | qw the Deep Elf Hunter began the quest for the Orb.
     0 | D:1      | Reached XP level 1. HP: 12/12 MP: 3/3
     0 | D:1      | 0 ||| qw: Version: 0.3-a-9-g12657ce
     0 | D:1      | 0 ||| qw: Game counter: 4450
     0 | D:1      | 0 ||| qw: Always use a shield: true
     0 | D:1      | 0 ||| qw: God list: Okawaru
     0 | D:1      | 0 ||| qw: Allow faded altars: false
     0 | D:1      | 0 ||| qw: Do Orc after D:15 true
     0 | D:1      | 0 ||| qw: Do second Lair branch before Depths: true
     0 | D:1      | 0 ||| qw: Lair rune preference: random
     0 | D:1      | 0 ||| qw: Plans: Normal
     0 | D:1      | 0 ||| PLANNING D:1-11
   199 | D:1      | Reached XP level 2. HP: 16/16 MP: 4/4
   201 | D:1      | Reached skill level 6 in Ranged Weapons
   216 | D:1      | Found a faded altar of an unknown god.
   507 | D:1      | Reached XP level 3. HP: 20/20 MP: 5/5
   805 | D:1      | 805 ||| UPGRADING to +0 ring mail.
   815 | D:1      | 815 ||| DROPPING +0 leather armour.
   816 | D:1      | 816 ||| UPGRADING to ring of protection from fire.
   817 | D:1      | 817 ||| READING 3 scrolls labelled PUURUY DURO.
   818 | D:1      | 818 ||| READING scroll labelled KUIRYSCH ZIHIDD.
   819 | D:1      | 819 ||| READING scroll labelled EDE YNIMMU.
   820 | D:1      | 820 ||| READING scroll labelled ICKITW EGUFA.
   821 | D:1      | 821 ||| READING scroll labelled DUGEAKHAURR.
   822 | D:1      | 822 ||| DRINKING 2 viscous silvery potions.
   822 | D:1      | Gained mutation: You are frail. (-10% HP) [potion of
                  | mutation]
   822 | D:1      | Gained mutation: You expend magic power (3 MP) to
                  | strengthen your wands. [potion of mutation]
   823 | D:1      | 823 ||| DRINKING potion of mutation.
   823 | D:1      | Lost mutation: You are frail. (-10% HP) [potion of
                  | mutation]
   823 | D:1      | Lost mutation: You expend magic power (3 MP) to strengthen
                  | your wands. [potion of mutation]
   823 | D:1      | Gained mutation: Your body sometimes deteriorates upon
                  | taking damage. [potion of mutation]
   823 | D:1      | Gained mutation: You are occasionally teleported next to
                  | monsters. [potion of mutation]
   828 | D:1      | 828 ||| READING 2 scrolls of identify.
   828 | D:1      | 828 ||| IDENTIFYING green potion
   829 | D:1      | 829 ||| DROPPING scroll of butterflies.
   830 | D:1      | 830 ||| DROPPING potion of invisibility.
   832 | D:1      | 832 ||| Stepping ~*~*~tactically~*~*~ (cloud).
   833 | D:1      | HP: 5/20 [poisoned by you (poison gas)]
   835 | D:1      | HP: 1/20 [poisoned by you (poison gas)]
   837 | D:1      | Succumbed to their own poison gas

Levels and vault maps discovered:
D:1:      lemuel_arrival_cross, layout_basic,
          hellmonk_ecumenical_altar_heavens_door, minmay_3d_cube

Skill      XL: |  1  2 |
---------------+-------+-----
Ranged Weapons | 6 |  6.8
Fighting       | |  1.5
Dodging        | |  2.4
Stealth        | |  1.2

Action                     || total
---------------------------++-------
   Fire: Shortbow          ||    94
    Use: Scroll            ||     6
         Potion            ||     2
 Armour: Leather armour    ||     9
  Dodge: Dodged            ||    23

Table legend:
 A = Non-vault XP
 B = Vault XP
 C = Vault XP percentage of total XP
 D = Non-vault monster count
 E = Vault monster count
 F = Vault count percentage of total count
                 A         B        C        D         E       F
            +---------+---------+-------+---------+---------+-------
      Total |      45 |      11 |  19.6 |      25 |       5 |  16.7
            +---------+---------+-------+---------+---------+-------
        D:1 |      45 |      11 |  19.6 |      25 |       5 |  16.7
            +---------+---------+-------+---------+---------+-------
